 Dungeon Crawl Stone Soup version 0.28-a0-1241-gf280a0fbb2 (webtiles) character file.

Game seed: 651886457199378208

541 GordonOverkill the Chopper (level 7, -9/63 HPs)
             Began as a Minotaur Cinder Acolyte on Dec 26, 2021.
             Was a Priest of Ignis.
             Mangled by a gnoll sergeant (13 damage)
             ... on level 3 of the Dungeon.
             The game lasted 00:06:26 (4081 turns).

GordonOverkill the Chopper (MiCA)                   Turns: 4081, Time: 00:06:27

Health: -9/63      AC:  3    Str: 21    XL:     7   Next: 5%
Magic:  7/7        EV: 11    Int: 11    God:    Ignis [***...]
Gold:   110        SH:  0    Dex:  5    Spells: 8/8 levels left

rFire   + . .      SeeInvis .   a - -1 hand axe (flame)
rCold   . . .      Faith    .   (no shield)
rNeg    . . .      Spirit   .   d - +0 leather armour
rPois   .          Reflect  .   (helmet restricted)
rElec   .          Harm     .   (no cloak)
rCorr   +          Rampage  .   (no gloves)
Will    .....                   (no boots)
Stlth   +.........              (no amulet)
HPRegen 0.20/turn               b - ring of resist corrosion
MPRegen 0.10/turn               (no ring)

@: no status effects
A: horns 2, retaliatory headbutt
a: Renounce Religion, Fiery Armour, Foxfire Swarm, Rising Flame


You were on level 3 of the Dungeon.
You worshipped Ignis.
Ignis was most pleased with you.
You visited 1 branch of the dungeon, and saw 4 of its levels.

You collected 110 gold pieces.

Inventory:

Hand Weapons
 a - a -1 hand axe of flaming (weapon)
 n - a +0 hand axe
Missiles
 k - 4 boomerangs (quivered)
Armour
 d - a +0 leather armour (worn)
Jewellery
 b - a ring of resist corrosion (left hand)
Scrolls
 c - a scroll of vulnerability {unknown}
 e - a scroll of identify {unknown}
 f - a scroll of blinking {unknown}
 g - a scroll of amnesia {unknown}
 h - a scroll of fear {unknown}
 i - a scroll of immolation
 o - a scroll of silence {unknown}
 p - a scroll of summoning {unknown}
Potions
 j - a potion of heal wounds {unknown}
 l - a potion of haste {unknown}
 m - a potion of might {unknown}
 q - a potion of mutation {unknown}


   Skills:
 + Level 6.1 Fighting
 + Level 6.1 Axes
 + Level 2.1 Throwing
 - Level 3.0 Armour
 - Level 3.0 Dodging
 - Level 1.0 Spellcasting
 - Level 2.1 Fire Magic


You had 8 spell levels left.
You didn't know any spells.
Your spell library contained the following spells:

 Spells                   Type           Power      Damage    Failure   Level
 Scorch                   Fire           10%        2d5       22%         2
 Beastly Appendage        Tmut           0%         N/A       36%         1
 Blink                    Tloc           0%         N/A       50%         2
 Wereblood                Tmut           0%         N/A       50%         2
 Gell's Gravitas          Tloc           0%         N/A       73%         3
 Lesser Beckoning         Tloc           0%         N/A       73%         3
 Spider Form              Tmut/Pois      0%         N/A       73%         3
 Teleport Other           Tloc           0%         N/A       73%         3
 Manifold Assault         Tloc           0%         N/A       100%        5
 Dispersal                Tloc           0%         N/A       100%        6


Dungeon Overview and Level Annotations

Branches:
Dungeon (4/15)
 Temple: D:4-7

Altars:
Kikubaaqudgha


Innate Abilities, Weirdness & Mutations

You have a pair of horns on your head.
You reflexively headbutt those who attack you in melee.


Message History

You hit the gnoll sergeant but do no damage.
The gnoll sergeant hits you with a +0 spear!
* * * LOW HITPOINT WARNING * * *
You hit the gnoll sergeant but do no damage.
The gnoll sergeant misses you. You furiously retaliate!
You headbutt the gnoll sergeant!
You hit the gnoll sergeant but do no damage.
The gnoll sergeant is heavily wounded.
The gnoll sergeant hits you with a +0 spear!
* * * LOW HITPOINT WARNING * * *
Activating: Foxfire Swarm
Press: ? - help, Dir - look around, f - activate Flames leap up around you!
The gnoll sergeant hits you with a +0 spear.
* * * LOW HITPOINT WARNING * * *
Your foxfire dissipates!
The foxfire hits the gnoll sergeant but does no damage.
The gnoll sergeant is heavily wounded.
The foxfire hits the gnoll sergeant.
The gnoll sergeant is severely wounded.
The foxfire hits the gnoll sergeant.
The gnoll sergeant is severely wounded.
The foxfire hits the gnoll sergeant.
The gnoll sergeant is severely wounded.
The foxfire hits the gnoll sergeant but does no damage.
The gnoll sergeant is severely wounded.
The foxfire hits the gnoll sergeant.
The gnoll sergeant is almost dead.
The foxfire hits the gnoll sergeant but does no damage.
The gnoll sergeant is almost dead.
The foxfire hits the gnoll sergeant.
The gnoll sergeant is almost dead.
The gnoll sergeant closely misses you.
The foxfire hits the gnoll sergeant but does no damage.
The gnoll sergeant is almost dead.
Things that are here:
a +0 whip; a gnoll corpse
There is a stone staircase leading up here.
The gnoll sergeant hits you from afar with a +0 spear!
You die...

###### #############....#####
#.>)..........##.....###
#.))..######g..#.###...#
#.....# #...#...#.#.## #####
#.....# #..@#.#......###....
#.....# #...#....###...#....
#.....## #......#.#)#.#.#....
#......#######......#.#...)....
#......)........#.........#....
#......#######.....##.##.......
##.......#.....###.#...#.###...
#.......#...#.#..........(#.#.
#.......#.....###.#...#.###...


You could see a gnoll sergeant.

Vanquished Creatures
  Sigmund (D:2)
  An ogre (D:4)
  A hound (D:4)
  Natasha (D:4)
  An orc wizard (D:3)
  A hound skeleton (D:4)
  Robin (D:2)
  5 adders
  3 gnolls
  An ufetubus (D:3)
  4 worms
  8 orcs
  7 endoplasms
  2 giant cockroaches
  12 goblins
  11 hobgoblins
  6 jackals (D:4)
  9 kobolds
  A quokka (D:1)
  8 ball pythons
  6 bats
  3 frilled lizards
  3 rats
96 creatures vanquished.

Vanquished Creatures (others)
  9 foxfires (D:3)
  A plant (D:2)
10 creatures vanquished.

Grand Total: 106 creatures vanquished

Notes
Turn   | Place    | Note
-------+----------+-------------------------------------------
     0 | D:1      | GordonOverkill the Minotaur Cinder Acolyte began the quest
                  | for the Orb.
     0 | D:1      | Reached XP level 1. HP: 19/19 MP: 1/1
   259 | D:1      | Reached XP level 2. HP: 27/27 MP: 2/2
   433 | D:1      | Reached skill level 1 in Armour
   559 | D:1      | You fall into a shaft and drop 1 floor!
   568 | D:2      | Reached skill level 1 in Dodging
   927 | D:2      | Reached XP level 3. HP: 27/33 MP: 3/3
  1008 | D:2      | Found an ancient bone altar of Kikubaaqudgha.
  1038 | D:2      | Noticed Sigmund
  1054 | D:2      | Killed Sigmund
  1055 | D:2      | Reached XP level 4. HP: 40/41 MP: 4/4
  1055 | D:2      | Reached XP level 5. HP: 46/47 MP: 5/5
  1131 | D:2      | Found a faded altar of an unknown god.
  1294 | D:2      | Identified the +0 helmet "Gieliet" {Rampage rElec Will-
                  | Dex+4}
  1294 | D:2      | Noticed Robin
  1303 | D:2      | Reached skill level 5 in Axes
  1306 | D:2      | Reached skill level 5 in Fighting
  1312 | D:2      | Killed Robin
  2818 | D:3      | Reached XP level 6. HP: 56/56 MP: 6/6
  3365 | D:4      | Noticed Natasha
  3373 | D:4      | Killed Natasha
  3374 | D:4      | Reached skill level 1 in Throwing
  3814 | D:4      | Reached XP level 7. HP: 50/63 MP: 7/7
  4068 | D:3      | HP: 2/63 [gnoll sergeant (6)]
  4081 | D:3      | Mangled by a gnoll sergeant

Illustrated notes

Levels and vault maps discovered:
D:1:      dpeg_arrival_erosion, layout_basic, hex_large, minmay_split_cup_large
D:2:      layout_loops_ring, chequers_ecumenical_altar_lobes, basic_altar,
          dk_noncrumbling_4, chequers_serial_rivers_micro_c, uniq_sigmund,
          uniq_robin
D:3:      layout_basic, minmay_misc_feat_encased, minmay_fractal_squares_5
D:4:      lemuel_castle_with_subvaults [lemuel_castle_interior_original],
          layout_layer_cave, nicolae_dithmenos_through_a_glass_darkly,
          minmay_pentangle, uniq_natasha

Skill      XL: |  1  2  3  4  5  6  7 |
---------------+----------------------+-----
Armour         | 1 2 3 |  3.0
Dodging        | 1 2 3 |  3.0
Axes           | 4 5 6 |  6.1
Fighting       | 4 5 6 |  6.1
Throwing       | 1 2 |  2.1
Spellcasting   | |  1.0
Fire Magic     | |  2.1

Action                   |  1- 3 |  4- 6 |  7- 9 || total
-------------------------+-------+-------+-------++-------
Melee: Hand axe          |    61 |   141 |    11 ||   213
       Headbutt          |     6 |    17 |     1 ||    24
Invok: Fiery Armour      |     1 |     3 |       ||     4
       Foxfire Swarm     |       |       |     1 ||     1
  Use: Scroll            |       |     1 |       ||     1
Armor: Robe              |     3 |       |       ||     3
       Leather armour    |     7 |    42 |     4 ||    53
Dodge: Dodged            |    27 |    90 |    10 ||   127

Table legend: (Time is in decaauts)
 A = Elapsed time spent in this place.
 B = Non-inter-level travel time spent in this place.
 C = Inter-level travel time spent in this place.
 D = Time resting spent in this place.
 E = Time spent auto-exploring this place.
 F = Levels seen in this place.
 G = Mean time per level.
                   A        B        C        D        E       F      G
               +--------+--------+--------+--------+--------+-----+--------+
         Total |   4097 |   4008 |     89 |   1482 |   1814 |   4 | 1024.2 |
       Dungeon |   4097 |   4008 |     89 |   1482 |   1814 |   4 | 1024.2 |
               +--------+--------+--------+--------+--------+-----+--------+

Top non-repeatable levels by time:
     D:2: 1448 daAuts
     D:1: 1332 daAuts
     D:3: 806 daAuts
     D:4: 510 daAuts
